 Dungeon Crawl Stone Soup version 0.28.0-43-g3370ac3207 (webtiles) character file.

Game seed: 14941898881462362436

141 croobank the Chopper (level 5, 0/37 HPs)
             Began as an Octopode Chaos Knight on Mar 15, 2022.
             Was a Plaything of Xom.
             Slain by an orc
             ... wielding a +0 war axe
              (6 damage)
             ... on level 3 of the Dungeon.
             The game lasted 00:06:05 (1961 turns).

croobank the Chopper (Octopode Chaos Knight)        Turns: 1961, Time: 00:06:06

Health: 0/37       AC:  1    Str: 13    XL:     5   Next: 24%
Magic:  5/5        EV: 14    Int: 20    God:    Xom [...*..]
Gold:   127        SH:  0    Dex: 14    Spells: 4/4 levels left

rFire   . . .      SeeInvis .   o - +9 short sword "Goed" {holy, Dex+2}
rCold   . . .      Faith    .   (no shield)
rNeg    . . .      Spirit   .   (helmet restricted)
rPois   .          Reflect  .   (no amulet)
rElec   .          Harm     .   f - +6 ring of intelligence
rCorr   .          Rampage  .   (no ring)
Will    .....                   (no ring)
Stlth   ++........              (no ring)
HPRegen 0.12/turn               (no ring)
MPRegen 0.09/turn               (no ring)
                                (no ring)
                                (no ring)

@: confused
A: almost no armour, amphibious, 8 rings, camouflage 1, gelatinous body 1,
(nimble swimmer 1), tentacles
a: Renounce Religion


You were on level 3 of the Dungeon.
You worshipped Xom.
You were a favourite toy of Xom.
You visited 1 branch of the dungeon, and saw 3 of its levels.

You collected 127 gold pieces.

Inventory:

Hand Weapons
 a - a +0 hand axe of chaos
 b - a +2 hunting sling of freezing
 i - a +1 short sword of venom
 l - a +0 war axe
 o - the +9 short sword "Goed" (weapon) {holy, Dex+2}
   (You found it on level 2 of the Dungeon)

   It has been blessed by the Shining One to cause great damage to the undead
   and demons.
   Dex:       It affects your dexterity (+2).
 q - a +0 hand crossbow
 s - a +0 long sword
Missiles
 d - 90 stones
 m - 14 bolts
 n - 3 atropa-tipped darts (quivered)
 r - 25 arrows
Magical Staves
 t - a staff of death
Jewellery
 f - a +6 ring of intelligence (left tentacle)
Scrolls
 e - a scroll of blinking {unknown}
 g - a scroll of torment {unknown}
 j - a scroll of amnesia {unknown}
 p - a scroll of teleportation {unknown}
Potions
 c - 4 potions of heal wounds {unknown}
 h - a potion of curing {unknown}
 k - a potion of haste {unknown}


   Skills:
 - Level 3.7 Fighting
 + Level 2.7 Short Blades
 - Level 3.7 Axes
 - Level 3.2 Dodging


You had 4 spell levels left.
You didn't know any spells.
Your spell library contained the following spells:

 Spells                   Type           Power      Damage    Failure   Level
 Animate Skeleton         Necr           0%         N/A       19%         1
 Summon Small Mammal      Summ           0%         N/A       19%         1
 Call Canine Familiar     Summ           0%         N/A       50%         3
 Summon Guardian Golem    Hex/Summ       0%         N/A       50%         3


Dungeon Overview and Level Annotations

Branches:
Dungeon (3/15)

Altars:


Innate Abilities, Weirdness & Mutations

You cannot wear most types of armour.
You are amphibious.
You can wear up to eight rings at the same time.
Your skin changes colour to match your surroundings (Stealth+).
Your rubbery body absorbs attacks. (AC +1, EV +1)
((You are camouflaged when in or above water. (Stealth+)))
You have tentacles for arms and can constrict up to eight enemies at once.


Message History

The bat misses you.
You have reached level 5!
You feel agile.
You hit the bat.
You kill the bat!
There is a stone staircase leading up here.
d - 90 stones (gained 15)
Found a ring mail.
A bat comes into view.
The bat closely misses you. The bat misses you.
The bat hits you but does no damage. The bat barely misses you.
You puncture the bat!
You kill the bat!
You see here a bat corpse.
HP restored.
An orc priest comes into view. It is wielding a +0 flail.
An orc comes into view. It is wielding a +0 war axe.
An orc wizard comes into view. It is wielding a +0 dagger.
The orc priest shouts!
The orc wizard shouts!
The orc priest mumbles some strange prayers to Beogh against you.
Pain shoots through your body!
An orc comes into view. It is wielding a +0 club.
The orc shouts!
The orc shouts!
The orc wizard casts a spell at you.
You are confused.
You're too confused to move!
The orc priest closely misses you. The orc hits you with a +0 war axe!
You're too confused to move!
The orc wizard mumbles some strange words.
The orc wizard flickers and vanishes!
Deactivating autopickup; reactivate with Ctrl-A.
The orc priest hits you with a +0 flail!
* * * LOW HITPOINT WARNING * * *
The orc hits you with a +0 club.
* * * LOW HITPOINT WARNING * * *
The orc hits you with a +0 war axe.
You die...
Xom snickers!

.###....# ...†....#
........#
..<.....#########
#.......##......#
#...............######
#....................#
#...........###.o....#
######.....†# #.@{...#
# #......# #.oo...# ##
#......# #.........
)#####......#
#####.....
....##......# .....
....##[.....# ....
....##.###### ....
....##. ... ....#


You could see an orc priest and 2 orcs.

Vanquished Creatures
  A centaur skeleton (D:3)
  4 gnolls (D:3)
  A worm (D:2)
  4 dart slugs
  2 ball pythons
  6 endoplasms
  7 giant cockroaches
  7 goblins
  4 hobgoblins
  3 quokkas
  4 bats
  6 frilled lizards
  7 kobolds
  8 rats
64 creatures vanquished.

Vanquished Creatures (others)
  A plant (D:1)
1 creature vanquished.

Grand Total: 65 creatures vanquished

Notes
Turn   | Place    | Note
-------+----------+-------------------------------------------
     0 | D:1      | croobank the Octopode Chaos Knight began the quest for the
                  | Orb.
     0 | D:1      | Reached XP level 1. HP: 16/16 MP: 1/1
   152 | D:1      | Reached XP level 2. HP: 21/21 MP: 2/2
   208 | D:1      | XOM: silly message
   342 | D:1      | XOM: 4-stop teleportation journey
   513 | D:1      | Found a faded altar of an unknown god.
   527 | D:1      | Got Plato's Guide on Unholy Rituals
   578 | D:1      | Reached XP level 3. HP: 26/26 MP: 3/3
  1287 | D:2      | Reached XP level 4. HP: 19/32 MP: 4/4
  1380 | D:2      | XOM: 4-stop teleportation journey
  1528 | D:2      | Identified the +9 short sword "Goed" {holy, Dex+2}
  1788 | D:3      | XOM: silly message
  1790 | D:3      | Reached skill level 1 in Short Blades
  1807 | D:3      | XOM: silly message
  1827 | D:3      | XOM: divination: detect creatures
  1830 | D:3      | XOM: confuse monster(s)
  1845 | D:3      | Reached XP level 5. HP: 24/37 MP: 5/5
  1961 | D:3      | Slain by an orc

Illustrated notes

Levels and vault maps discovered:
D:1:      pf_arrival_petrified_forest, layout_rooms,
          shapermc_ecumenical_altar_rom_forum, serial_bayou_ford_a,
          chequers_arboretum, minmay_worlds_worst_comb
D:2:      layout_rooms, mrwooster_statue_mirror
D:3:      layout_basic, nicolae_overflow_hidden_temple, serial_shops, shop

Skill      XL: |  1  2  3  4 |
---------------+-------------+-----
Dodging        | 3 |  3.2
Short Blades   | 2 |  2.7
Fighting       | |  3.7
Axes           | |  3.7

Action                   |  1- 3 |  4- 6 || total
-------------------------+-------+-------++-------
Melee: Hand axe          |    78 |     7 ||    85
       Tentacles         |    15 |     6 ||    21
       Constrict         |    12 |     7 ||    19
       Punch             |     2 |     1 ||     3
       Short sword       |       |    21 ||    21
 Stab: Sleeping          |     8 |     1 ||     9
Armor: Skin              |     7 |     5 ||    12
Dodge: Dodged            |    37 |    29 ||    66
